 Dungeon Crawl Stone Soup version 0.24.1-14-gf8d2b509d9 (webtiles) character file.

Game seed: 9316182553566408091, levelgen mode: deterministic

10485 Gabide the Spear-Bearer (level 11, -39/86 HPs)
             Began as a Mummy Gladiator on May 26, 2020.
             Was a Follower of Uskayaw.
             Killed from afar by a fire dragon (82 damage)
             ... with a blast of flame
             ... on level 11 of the Dungeon.
             The game lasted 00:30:58 (9759 turns).

Gabide the Spear-Bearer (Mummy Gladiator)           Turns: 9759, Time: 00:30:58

Health: -39/86     AC: 16    Str: 20    XL:     11   Next: 36%
Magic:  20/20      EV: 14    Int:  7    God:    Uskayaw [*.....]
Gold:   344        SH:  3    Dex: 18    Spells: 10/10 levels left

rFire    x . .     SeeInvis .   q - +1 glaive (freeze)
rCold    + . .     Gourm    .   (shield currently unavailable)
rNeg     + + +     Faith    .   j - +5 ring mail
rPois    ∞         Spirit   .   m - +2 helmet
rElec    .         Reflect  +   d - +1 cloak
rCorr    .         Harm     .   (no gloves)
MR       +....                  (no boots)
Stlth    +.........             b - +3 amulet of reflection
HPRegen  0.24/turn              e - ring of magical power
MPRegen  0.17/turn              c - +3 ring of dexterity

@: about to teleport
A: no food or potions, fire vulnerability, cold resistance 1, negative energy
resistance 3, torment resistance, unbreathing
a: Stomp, Renounce Religion


You were on level 11 of the Dungeon.
You worshipped Uskayaw.
Uskayaw was noncommittal.
You were not hungry.

You visited 2 branches of the dungeon, and saw 12 of its levels.

You collected 686 gold pieces.
You spent 342 gold pieces at shops.

Inventory:

Hand Weapons
 a - a +0 trident
 l - a +2 trident of protection
 q - a +1 glaive of freezing (weapon)
Armour
 d - a +1 cloak (worn)
 j - a +5 ring mail (worn)
 m - a +2 helmet (worn)
 r - a scarf of repulsion
Jewellery
 b - a +3 amulet of reflection (around neck)
 c - a +3 ring of dexterity (right hand)
 e - a ring of magical power (left hand)
 h - an uncursed amulet of magic regeneration
Wands
 o - a wand of random effects (13)
 s - a wand of disintegration (16)
 t - a wand of polymorph (3)
Scrolls
 f - 2 scrolls of teleportation
 g - 3 scrolls of magic mapping
 i - 2 scrolls of fog
 k - 7 scrolls of remove curse
 n - 6 scrolls of identify


   Skills:
 * Level 8.0 Fighting
 * Level 12.1 Polearms
 - Level 1.5 Throwing
 + Level 4.8 Armour
 + Level 4.7 Dodging
 - Level 0.4 Stealth


You had 10 spell levels left.
You didn't know any spells.
Your spell library contained the following spells:

 Spells                   Type           Power        Failure   Level  Hunger
 Confusing Touch          Hex            #.....       58%         1    N/A
 Flame Tongue             Conj/Fire      #....        58%         1    N/A
 Sticks to Snakes         Tmut           #.......     75%         2    N/A
 Throw Flame              Conj/Fire      #.....       75%         2    N/A
 Confuse                  Hex            #.......     92%         3    N/A
 Conjure Flame            Conj/Fire      #.......     92%         3    N/A
 Gell's Gravitas          Tloc           #.........   92%         3    N/A
 Inner Flame              Hex/Fire       #.......     92%         3    N/A
 Petrify                  Tmut/Erth      #.......     100%        4    N/A
 Sticky Flame             Conj/Fire      #.......     100%        4    N/A
 Fireball                 Conj/Fire      #.........   100%        5    N/A
 Metabolic Englaciation   Hex/Ice        #.........   100%        5    N/A
 Yara's Violent Unravell  Hex/Tmut       #.........   100%        5    N/A
 Beastly Appendage        Tmut           Unusable     N/A         1    N/A
 Spider Form              Tmut/Pois      Unusable     N/A         3    N/A
 Ice Form                 Ice/Tmut       Unusable     N/A         4    N/A
 Blade Hands              Tmut           Unusable     N/A         5    N/A

Dungeon Overview and Level Annotations

Branches:
Dungeon (11/15)            Temple (1/1) D:7            Lair (0/6) D:11
    Orc (0/2) D:9

Altars:
Ashenzari
Dithmenos
Elyvilon
Fedhas
Gozag
Hepliaklqana
Kikubaaqudgha
Makhleb
Okawaru
Qazlal
Ru
Sif Muna
Trog
Uskayaw
Vehumet
Xom
Zin

Shops:
D:5 (   D:6 [

Portals:
Ice
Cave: D:11

Annotations:
D:7 2 transporters


Innate Abilities, Weirdness & Mutations

You do not eat or drink.
Your flesh is vulnerable to fire.
You are immune to poison.
Your flesh is cold resistant. (rC+)
You are immune to negative energy. (rN+++)
You are immune to unholy pain and torment.
You can survive without breathing.


Message History

Press: ? - help, Shift-Dir - straight line, f/p - fire dragon
Aim: a fire dragon (chance to defeat MR: 15%)
Okay, then.
Unknown command.
Okay, then.
What are your orders? t - Shout!
Orders for allies: a - Attack new target. p - Attack previous target. r - Retreat! s - Stop attacking. g - Guard the area. f - Follow me.
Anything else - Cancel.
Retreat in which direction?
Press: ? - help, Dir - move target cursor, f - you, p - fire dragon
Okay, then.
As you read the scroll of teleportation, it crumbles to dust.
You feel strangely unstable. The fire dragon breathes flames at you.
The blast of flame hits you!!!! The fire burns you terribly!
Ouch! That really hurt!
You die...

...PP..##
#..###........... ..
#..###...........
##...###..........
#########.)...##########..
#......#).##### # ##.
.........## ### ..? #.
.........####.###..... #.
..........##.#.†h†..∩. #.
.........@D.####.#.... ##
...........## # .
...........# ...........#
..........## ........##
.......## .....#


You could see a fire dragon.

Vanquished Creatures
  Erolcha (D:9)
  Erica (D:10)
  Nergalle (D:10)
  Maurice (D:10)
  A troll (D:9)
  A hornet (D:11)
  Grinder (D:3)
  A polar bear (D:11)
  3 hippogriffs
  9 yaks
  3 hogs (D:7)
  A human (D:7)
  A hungry ghost (D:9)
  A warg (D:9)
  A porcupine (D:11)
  2 sky beasts
  2 black bears
  6 orc warriors
  A phantom (D:6)
  A wolf (D:11)
  10 ogres
  5 centaurs
  4 bullfrogs
  A wyvern zombie (D:7)
  2 scorpions
  6 killer bees (D:10)
  3 wights (D:8)
  2 crimson imps (D:7)
  2 bullfrog zombies
  A centaur zombie (D:8)
  3 jellies
  A gnoll shaman (D:5)
  7 hounds
  7 orc priests
  A bullfrog skeleton (D:11)
  5 orc wizards
  5 worker ants
  A hound zombie (D:8)
  A hound skeleton (D:7)
  Robin (D:4)
  2 howler monkey zombies
  5 gnolls (D:5)
  9 adders
  A shadow imp (D:7)
  An ooze (D:1)
  An adder zombie (D:7)
  A worm (D:2)
  A dart slug (D:2)
  5 leopard geckos
  34 orcs
  2 ball pythons
  9 bats
  6 giant cockroaches
  15 goblins
  10 hobgoblins
  5 jackals
  12 kobolds
  3 quokkas
  4 frilled lizards
  A leopard gecko skeleton (D:4)
  A quokka skeleton (D:5)
  A quokka zombie (D:5)
  10 rats
246 creatures vanquished.

Vanquished Creatures (others)
  Joseph (D:10)
  5 fungi (D:11)
  4 plants
10 creatures vanquished.

Grand Total: 256 creatures vanquished

Notes
Turn   | Place    | Note
-------+----------+-------------------------------------------
     0 | D:1      | Gabide the Mummy Gladiator began the quest for the Orb.
     0 | D:1      | Reached XP level 1. HP: 16/16 MP: 1/1
   161 | D:1      | Reached XP level 2. HP: 18/22 MP: 2/2
   583 | D:1      | Reached XP level 3. HP: 18/27 MP: 3/3
   584 | D:1      | Reached skill level 3 in Polearms
  1093 | D:2      | Reached XP level 4. HP: 17/33 MP: 4/4
  2033 | D:3      | Reached skill level 1 in Armour
  2125 | D:3      | Reached XP level 5. HP: 32/38 MP: 5/5
  2127 | D:3      | Reached skill level 4 in Polearms
  2626 | D:3      | Noticed Grinder
  2640 | D:3      | Paralysed by Grinder for 7 turns
  2650 | D:3      | Killed Grinder
  2650 | D:3      | Reached XP level 6. HP: 34/46 MP: 6/6
  2738 | D:4      | Noticed Robin
  2850 | D:4      | Killed Robin
  2890 | D:4      | Reached skill level 5 in Polearms
  2968 | D:4      | Reached XP level 7. HP: 49/51 MP: 7/7
  3200 | D:5      | Entered Level 5 of the Dungeon
  3200 | D:5      | Found Bism's Antique Weapon Shoppe.
  3329 | D:5      | Reached skill level 6 in Polearms
  3350 | D:5      | Found a sacrificial altar of Ru.
  3466 | D:5      | Reached XP level 8. HP: 44/59 MP: 8/8
  3916 | D:6      | Found Xifostre's Armour Boutique.
  3952 | D:6      | Reached skill level 7 in Polearms
  4336 | D:6      | Reached skill level 8 in Polearms
  4433 | D:5      | Bought a runed glaive for 342 gold pieces
  4739 | D:6      | Reached XP level 9. HP: 60/67 MP: 9/9
  4765 | D:6      | Found a glowing silver altar of Zin.
  5011 | D:7      | Reached skill level 5 in Fighting
  5184 | D:7      | Reached skill level 9 in Polearms
  5223 | D:7      | Found a transporter.
  5251 | D:7      | Found a staircase to the Ecumenical Temple.
  5352 | Temple   | Entered the Ecumenical Temple
  5445 | Temple   | Became a worshipper of Uskayaw the Reveler
  5480 | D:7      | Reached * piety under Uskayaw
  5669 | D:7      | Reached ** piety under Uskayaw
  5683 | D:7      | Reached *** piety under Uskayaw
  5694 | D:7      | Found a transporter.
  5958 | D:8      | Reached **** piety under Uskayaw
  6103 | D:8      | Reached skill level 10 in Polearms
  6103 | D:8      | Reached XP level 10. HP: 67/76 MP: 10/10
  7096 | D:9      | Found a staircase to the Orcish Mines.
  7315 | D:9      | Noticed Erolcha
  7325 | D:9      | Killed Erolcha
  7607 | D:9      | Reached skill level 11 in Polearms
  7787 | D:10     | Entered Level 10 of the Dungeon
  7817 | D:10     | Noticed Erica
  7833 | D:10     | Killed Erica
  8043 | D:10     | Noticed Joseph
  8047 | D:10     | Killed Joseph
  8079 | D:10     | Noticed Maurice
  8086 | D:10     | Paralysed by something for 7 turns
  8138 | D:10     | Killed Maurice
  8563 | D:10     | Reached XP level 11. HP: 84/84 MP: 11/11
  8625 | D:10     | Found a burning altar of Makhleb.
  9028 | D:10     | Noticed Nergalle
  9042 | D:10     | Killed Nergalle
  9461 | D:11     | Found a frozen archway.
  9462 | D:11     | Noticed an ice dragon
  9475 | D:11     | Reached skill level 12 in Polearms
  9716 | D:11     | Found a staircase to the Lair.
  9758 | D:11     | Noticed a fire dragon
  9758 | D:11     | an ice dragon changed into a fire dragon
  9759 | D:11     | Killed from afar by a fire dragon

Levels and vault maps discovered:
D:1:      dpeg_arrival_ratfight, layout_loops_corners, lexackson_kobold_supper
D:2:      layout_basic, serial_park_tiny_2
D:3:      layout_rooms, first_ration, roderic_roman_lattice, uniq_grinder
D:4:      layout_rooms, uniq_robin
D:5:      layout_loops_ring, lemuel_doored_altar, serial_shops, shop
D:6:      layout_loops_ring, basic_altar, serial_shops, shop
D:7:      gammafunk_cloud_chamber, layout_loops_cross,
          minmay_temple_entry_antechambers, grunt_livestock, corner_web_ring
D:8:      layout_gridville
D:9:      layout_roguey, erik_orc_4, uniq_erolcha
D:10:     layout_basic, basic_altar, uniq_maurice, uniq_joseph, uniq_nergalle,
          uniq_erica
D:11:     layout_cave_pods, grunt_lair_entry_orc_guard_hut,
          portal_ice_cave_entry_animals_and_master, serial_shops, shop_coins
Temple:   nicolae_temple_the_god_donut

Skill      XL: |  1  2  3  4  5  6  7  8  9 10 11 |
---------------+----------------------------------+-----
Polearms       | 3 4 5 6 8 10 11 12 | 12.1
Dodging        | 3 4 |  4.7
Armour         | 1 2 3 4 |  4.8
Fighting       | 3 4 6 7 8 |  8.0
Throwing       | |  1.5
Stealth        | |  0.4

Action                   |  1- 3 |  4- 6 |  7- 9 | 10-12 || total
-------------------------+-------+-------+-------+-------++-------
Melee: Trident           |   105 |   230 |   173 |       ||   508
       Glaive            |       |       |   146 |   279 ||   425
Throw: Throwing net      |       |     1 |       |     5 ||     6
Invok: Line Pass         |       |       |       |     2 ||     2
       Stomp             |       |       |       |     5 ||     5
Evoke: Wand              |       |       |       |     8 ||     8
  Use: Scroll            |       |     9 |     8 |     6 ||    23
 Stab: Sleeping          |     4 |       |       |     1 ||     5
       Distracted        |       |     1 |       |       ||     1
       Paralysed         |       |       |     2 |     7 ||     9
       Held in net/web   |       |       |       |     2 ||     2
Armor: Leather armour    |    21 |     9 |       |       ||    30
       Ring mail         |       |    83 |   136 |   115 ||   334
Dodge: Dodged            |    52 |   115 |   146 |   187 ||   500
Block: Other             |       |     6 |    22 |    41 ||    69
       Reflection        |       |       |       |     4 ||     4
